 Dungeon Crawl Stone Soup version 0.28-a0-662-g1651b1f1e0 (webtiles) character file.

Game seed: 17529087613712298785

37 kae the Ruffian (level 3, 0/43 HPs)
             Began as a Draconian Transmuter on Oct 14, 2021.
             Slain by an adder (2 damage)
             ... on level 2 of the Dungeon.
             The game lasted 00:01:39 (1336 turns).

kae the Ruffian (Draconian Transmuter)              Turns: 1336, Time: 00:01:39

Health: 0/43       AC:  5    Str: 12    XL:     3   Next: 21%
Magic:  6/6        EV: 12    Int: 14    God:
Gold:   20         SH:  0    Dex: 11    Spells: 2/6 levels left

rFire   . . .      SeeInvis .     - Unarmed
rCold   . . .      Faith    .   (no shield)
rNeg    . . .      Spirit   .   (armour unavailable)
rPois   .          Reflect  .   (helmet restricted)
rElec   .          Harm     .   (no cloak)
rCorr   .          Rampage  .   (no gloves)
Will    .....                   (no boots)
Stlth   ..........              (no amulet)
HPRegen 0.14/turn               (no ring)
MPRegen 0.10/turn               (no ring)

@: berserking, lethally poisoned (0 -> -9), very quick
A: AC +5, unfitting armour, cold-blooded
a: no special abilities


You were on level 2 of the Dungeon.
You visited 1 branch of the dungeon, and saw 2 of its levels.

You collected 20 gold pieces.

Inventory:

Magical Staves
 a - a staff of death


   Skills:
 + Level 1.9 Fighting
 - Level 1.7 Dodging
 * Level 3.7 Unarmed Combat
 - Level 2.0 Spellcasting
 + Level 2.4 Transmutations
 * Level 0.2 Poison Magic


You had 2 spell levels left.
You knew the following spells:

 Your Spells              Type           Power      Damage    Failure   Level
a - Beastly Appendage     Tmut           16%        N/A       9%          1
b - Spider Form           Tmut/Pois      2%         N/A       38%         3

Your spell library contained the following spells:

 Spells                   Type           Power      Damage    Failure   Level
 Wereblood                Tmut           8%         N/A       13%         2
 Ice Form                 Ice/Tmut       4%         N/A       82%         4


Dungeon Overview and Level Annotations

Branches:
Dungeon (2/15)

Altars:

Shops:
D:1 *


Innate Abilities, Weirdness & Mutations

Your plain brown scales are hard. (AC +5)
You cannot fit into any form of body armour.
You are cold-blooded and may be slowed by cold attacks.


Message History

You closely miss the adder.
The adder is severely wounded.
You feel sick. The adder misses you. The rat barely misses you.
There are monsters nearby!
You miss the adder.
The adder is severely wounded.
You feel sick. The adder misses you. The rat misses you. The adder bites you.
You are too injured to fight recklessly!
There are monsters nearby!
You are too injured to fight recklessly!
You are too injured to fight recklessly!
You are too injured to fight recklessly!
You are too injured to fight recklessly!
You hit the adder.
Your tail-slap misses the adder.
The adder is severely wounded.
You feel sick.
You are no longer poisoned.
The rat bites you. The adder misses you.
You hit the adder but do no damage.
The adder is severely wounded.
The adder bites you.
You are poisoned.
The adder poisons you! The rat bites you.
You miss the adder.
The adder is severely wounded.
You feel sick. The adder misses you. The rat misses you.
You miss the adder.
Your tail-slap misses the adder.
The adder is severely wounded.
You feel sick. The adder bites you.
* * * LOW HITPOINT WARNING * * *
You are more poisoned.
The adder poisons you! The rat bites you.
* * * LOW HITPOINT WARNING * * *
It was a potion of berserk rage.
A red film seems to cover your vision as you go berserk!
You feel yourself moving faster!
You feel mighty!
* * * LOW HITPOINT WARNING * * *
You feel sick. The adder bites you but does no damage.
The rat barely misses you. The adder bites you.
You die...

####.# .....###
####......#
#.......#.#####
#....#....#...
#.........#.#
##......#....#
......S@.....#
..[#.#r....#.#
#....<# #...#.#
.....?..#
#.##.##..# #
#.. ...#
######.# ...


You could see an adder and a rat.

Vanquished Creatures
  A gnoll (D:1)
  2 dart slugs (D:1)
  A ball python (D:1)
  3 bats (D:1)
  2 endoplasms (D:1)
  A giant cockroach (D:1)
  2 goblins (D:1)
  A hobgoblin (D:1)
  A quokka (D:1)
  3 frilled lizards (D:1)
  4 kobolds (D:1)
  2 rats (D:1)
23 creatures vanquished.

Notes
Turn   | Place    | Note
-------+----------+-------------------------------------------
     0 | D:1      | kae the Draconian Transmuter began the quest for the Orb.
     0 | D:1      | Reached XP level 1. HP: 16/16 MP: 3/3
   121 | D:1      | Reached XP level 2. HP: 14/23 MP: 5/5
   561 | D:1      | Found Diyzicegg's General Store.
   859 | D:1      | Reached XP level 3. HP: 28/29 MP: 4/6
   865 | D:1      | Learned a level 3 spell: Spider Form
  1241 | D:1      | Found a faded altar of an unknown god.
  1336 | D:2      | HP: 2/43 [poisoned by an adder]
  1336 | D:2      | Slain by an adder

Illustrated notes

Levels and vault maps discovered:
D:1:      dpeg_arrival_three_same_balls, layout_basic,
          dilly_ecumenical_altar_fadedgnrine, serial_shops, shop
D:2:      layout_basic

Action                   || total
-------------------------++-------
Melee: Unarmed           ||   106
       Headbutt          ||     7
       Kick              ||     7
       Tailslap          ||     7
 Cast: Beastly Appendage ||     9
  Use: Potion            ||     2
       Scroll            ||     2
 Stab: Sleeping          ||     1
Armor: Skin              ||    31
Dodge: Dodged            ||    78

Table legend: (Time is in decaauts)
 A = Elapsed time spent in this place.
 B = Non-inter-level travel time spent in this place.
 C = Inter-level travel time spent in this place.
 D = Time resting spent in this place.
 E = Time spent auto-exploring this place.
 F = Levels seen in this place.
 G = Mean time per level.
                   A        B        C        D        E       F      G
               +--------+--------+--------+--------+--------+-----+--------+
         Total |   1330 |   1244 |     86 |      0 |   1034 |   2 |  665.0 |
       Dungeon |   1330 |   1244 |     86 |      0 |   1034 |   2 |  665.0 |
               +--------+--------+--------+--------+--------+-----+--------+

Top non-repeatable levels by time:
     D:1: 1314 daAuts
     D:2: 15 daAuts
